 Dungeon Crawl Stone Soup version 0.17-a0-2147-gfb20a63 (webtiles) character file.

5044 M4edhros the Prestidigitator (level 10, -6/66 HPs)
             Began as an Octopode Artificer on Oct 24, 2015.
             Was an Elder of Qazlal.
             Mangled by a five-headed hydra (10 damage)
             ... on level 1 of the Lair of Beasts.
             The game lasted 00:18:36 (8075 turns).

M4edhros the Prestidigitator (Octopode Artificer)   Turns: 8075, Time: 00:18:37

Health: -6/66      AC:  1    Str: 15    XL:     10   Next: 55%
Magic:  27/27      EV: 16    Int: 15    God:    Qazlal [****..]
Gold:   505        SH:  5    Dex: 15    Spells: 0 memorised, 9 levels left

rFire  . . .     SeeInvis .     q - +7 dagger of Freehold {pierce, rC- rN+ MP+9 Str+4}
rCold  x . .     Clarity  .     (no shield)
rNeg   + . .     SustAt   .     (helmet restricted)
rPois  .         Gourm    .     (no amulet)
rElec  .         Spirit   .     (no ring)
rCorr  .         Warding  .     i - +4 ring of slaying
rMut   .         Stasis   .     z - ring of wizardry
MR     .....                    (no ring)
Stlth  ++........               (no ring)
                                (no ring)
                                (no ring)
                                (no ring)

@: repel missiles, not resistant to hostile enchantments, unstealthy
A: almost no armour, amphibious, 8 rings, constrict 8, camouflage 1, gelatinous
body 1
a: Upheaval, Elemental Force, Renounce Religion


You were on level 1 of the Lair of Beasts.
You worshipped Qazlal.
Qazlal was greatly pleased with you.
You were not hungry.

You visited 2 branches of the dungeon, and saw 9 of its levels.

You collected 505 gold pieces.

Inventory:

Hand Weapons
 a - a +0 short sword
 f - a +3 quarterstaff of chaos
 h - a +0 quarterstaff
 q - the +7 dagger of Freehold (weapon) {pierce, rC- rN+ MP+9 Str+4}
   (You found it on level 4 of the Dungeon)

   It inflicts extra damage upon your enemies.
   It affects your strength (+4).
   It makes you vulnerable to cold.
   It protects you from negative energy.
   It affects your magic capacity (+9).
 v - a +2 dagger of speed
 K - a +0 demon trident
Missiles
 w - 32 sling bullets
Jewellery
 i - a +4 ring of slaying (right tentacle)
 l - an uncursed ring of teleportation
 t - an uncursed ring of fire {unknown}
 z - a ring of wizardry (on tentacle)
Wands
 b - a wand of flame (1)
 c - a wand of enslavement (8)
 d - a wand of random effects (1)
 n - a wand of random effects (26)
 x - a wand of enslavement (6)
 y - a wand of fire (3)
 E - a wand of confusion (34)
Scrolls
 j - 6 scrolls of identify
 k - 10 scrolls of teleportation
 r - 2 scrolls of recharging
 C - 3 scrolls of remove curse
 F - 3 scrolls of enchant armour
 H - a scroll of magic mapping {unknown}
 J - 2 scrolls of random uselessness {unknown}
Potions
 g - a potion of flight
 m - 2 potions of ambrosia
 s - a potion of agility
 u - 3 potions of curing
 D - a potion of might
Books
 o - a book of Changes

   Spells                             Type                      Level
   a - Beastly Appendage              Transmutation                1
   b - Sticks to Snakes               Transmutation                2
   c - Spider Form                    Transmutation/Poison         3
   d - Ice Form                       Ice/Transmutation            4
   e - Blade Hands                    Transmutation                5
 A - a book of Hinderance

   Spells                             Type                      Level
   a - Confusing Touch                Hexes                        2
   b - Confuse                        Hexes                        3
   c - Gell's Gravitas                Hexes/Translocation          3
   d - Petrify                        Transmutation/Earth          4
   e - Metabolic Englaciation         Hexes/Ice                    5
Comestibles
 e - 6 bread rations
 p - a royal jelly
 B - 2 fruits
 G - 8 slices of pizza
 I - a meat ration


   Skills:
 - Level 5.0 Fighting
 - Level 5.0 Short Blades
 - Level 1.3 Staves
 + Level 7.1 Dodging
 - Level 1.3 Stealth
 + Level 7.3 Invocations
 + Level 10.7 Evocations


You had 9 spell levels left.
You didn't know any spells.

Dungeon Overview and Level Annotations

Branches:
Dungeon (8/15)             Temple (0/1) D:4            Lair (1/8) D:8

Altars:
Cheibriados
Dithmenos
Fedhas
Gozag
Kikubaaqudgha
Makhleb
Okawaru
Qazlal
Ru
Sif Muna
Vehumet
Xom
Zin

Shops:
D:7 *!


Innate Abilities, Weirdness & Mutations

You cannot wear most types of armour.
You are amphibious.
You can wear up to eight rings at the same time.
You can use your tentacles to constrict eight enemies at once.
Your skin changes colour to match your surroundings (Stealth).
Your rubbery body absorbs attacks (AC +1).


Message History

Press: ? - help, Shift-Dir - straight line, f/p - five-headed hydra
Aim: a five-headed hydra (moderately wounded, lightly drained)
The five-headed hydra seems to speed up.
This wand has 1 charge left.
Evoke which item? (* to show all) (? for menu, Esc to quit)
Zapping:
c - a wand of enslavement (10)
Press: ? - help, Shift-Dir - straight line, f/p - five-headed hydra
Aim: a five-headed hydra (lightly wounded, fast, lightly drained, chance to defeat MR: 32%)
The five-headed hydra easily resists.
This wand has 9 charges left.
Evoke which item? (* to show all) (? for menu, Esc to quit)
Zapping:
c - a wand of enslavement (9)
Press: ? - help, Shift-Dir - straight line, f/p - five-headed hydra
Aim: a five-headed hydra (lightly wounded, fast, lightly drained, chance to defeat MR: 32%)
The five-headed hydra easily resists.
This wand has 8 charges left.
The five-headed hydra bites you!
* * * LOW HITPOINT WARNING * * *
You block the five-headed hydra's attack.
The five-headed hydra closely misses you.
The five-headed hydra bites you!
You die...

##### ### ###### ### ##
####.#.####.######.##.######.##.#
................@D...............
............########.............
§.........§.........#............
.§##..#.#...§............P###.###
#.##.####.§.........#....P# #.#
#......P#†.#...................
#......##..#........#?...##....#
#......#...#.............# .....
#......##....'#######....


You could see a five-headed hydra.

Vanquished Creatures
  Pikel (D:5)
  The ghost of brucemayne the Chopper, a novice DsBe of Trog (D:6)
  2 spiny frogs (Lair:1)
  An orc warrior (D:8)
  2 hippogriffs
  A human (D:8)
  A porcupine (Lair:1)
  A water moccasin (Lair:1)
  An ice beast (D:5)
  Duvessa (D:6)
  A sky beast (D:7)
  4 ogres
  2 centaurs
  2 phantoms
  A water moccasin zombie (D:5)
  3 giant frogs
  Dowan (D:6)
  A water moccasin skeleton (D:7)
  3 scorpions
  A killer bee (D:8)
  5 wights (D:6)
  2 crimson imps (D:5)
  3 hounds (D:7)
  2 iguanas
  A jelly (D:4)
  Crazy Yiuf (D:2)
  A giant frog skeleton (D:8)
  6 orc priests
  A giant frog zombie (D:6)
  2 centaur skeletons
  5 orc wizards
  7 worker ants
  A hound skeleton (D:7)
  6 adders
  A shadow imp (D:7)
  An ooze (D:2)
  2 adder skeletons
  A worm (D:2)
  3 giant geckos
  24 orcs
  8 giant cockroaches
  10 goblins
  10 hobgoblins
  11 jackals
  3 ball pythons
  4 bats
  2 giant newts
  2 jackal skeletons (D:5)
  8 kobolds
  3 quokkas
  4 rats
  3 fungi (D:8)
174 creatures vanquished.

Vanquished Creatures (collateral kills)
  A slave (D:5)
  A centaur (D:8)
  A giant frog (D:8)
  An orc priest (D:8)
4 creatures vanquished.

Vanquished Creatures (others)
  A slave (D:5)
  An ice beast (D:7)
  A black bear (D:5)
  A centaur skeleton (D:5)
  An adder (D:5)
  A fungus (Lair:1)
6 creatures vanquished.

Grand Total: 184 creatures vanquished

Notes
Turn   | Place    | Note
--------------------------------------------------------------
     0 | D:1      | M4edhros the Octopode Artificer began the quest for the Orb.
     0 | D:1      | Reached XP level 1. HP: 13/13 MP: 3/3
   113 | D:2      | Reached XP level 2. HP: 15/18 MP: 4/4
   159 | D:1      | Reached skill level 4 in Evocations
   412 | D:2      | Found a faded altar to an unknown god.
   422 | D:2      | Became a worshipper of Qazlal Stormbringer
   422 | D:2      | Reached * piety under Qazlal
   440 | D:2      | Reached XP level 3. HP: 20/23 MP: 6/6
   448 | D:2      | Found an iron altar of Okawaru.
   550 | D:2      | Noticed Crazy Yiuf
   559 | D:2      | Killed Crazy Yiuf
   559 | D:2      | Reached skill level 5 in Evocations
   670 | D:2      | Reached XP level 4. HP: 12/28 MP: 7/7
  1099 | D:1      | Reached skill level 1 in Staves
  1125 | D:1      | Reached ** piety under Qazlal
  1409 | D:3      | Found a snail-covered altar of Cheibriados.
  1787 | D:3      | Found a shimmering altar of Xom.
  1962 | D:4      | Found a staircase to the Ecumenical Temple.
  1997 | D:4      | Noticed an ogre
  1999 | D:4      | Reached XP level 5. HP: 21/33 MP: 9/9
  2163 | D:4      | Noticed an ogre
  2170 | D:5      | Entered Level 5 of the Dungeon
  2295 | D:5      | Noticed a slave
  2472 | D:5      | Reached XP level 6. HP: 32/39 MP: 10/10
  2511 | D:5      | Reached skill level 6 in Evocations
  2673 | D:5      | Noticed a slave
  2673 | D:5      | Noticed a slave
  2682 | D:5      | Noticed Pikel
  2697 | D:5      | Noticed a slave
  2702 | D:5      | Killed a slave
  2714 | D:5      | a slave (ally) was killed
  2721 | D:5      | Killed Pikel
  2721 | D:5      | Reached skill level 7 in Evocations
  2721 | D:5      | Reached XP level 7. HP: 16/48 MP: 10/12
  2721 | D:5      | Reached XP level 8. HP: 17/54 MP: 10/13
  3057 | D:5      | Found a radiant altar of Vehumet.
  3060 | D:5      | Noticed an ice beast
  3061 | D:5      | Found a deep blue altar of Sif Muna.
  3061 | D:5      | Found a shadowy altar of Dithmenos.
  3330 | D:4      | an ogre changed into a scorpion
  3596 | D:4      | Reached skill level 1 in Invocations
  3632 | D:4      | Reached *** piety under Qazlal
  3701 | D:4      | Noticed an ogre
  3702 | D:4      | Noticed a phantom
  3738 | D:4      | Killed an ogre
  3738 | D:4      | Reached skill level 5 in Short Blades
  4210 | D:4      | Reached skill level 5 in Fighting
  4261 | D:4      | Killed an ogre
  4261 | D:4      | Reached skill level 8 in Evocations
  4278 | D:4      | Killed a phantom
  4769 | D:5      | Found a stormy altar of Qazlal.
  4771 | D:5      | Found an ancient bone altar of Kikubaaqudgha.
  4881 | D:5      | Killed an ice beast
  5208 | D:6      | Found a blossoming altar of Fedhas.
  5273 | D:6      | Reached XP level 9. HP: 48/61 MP: 15/15
  5320 | D:6      | Noticed Dowan
  5336 | D:6      | Killed Dowan
  5358 | D:6      | Noticed brucemayne's ghost (novice DsBe)
  5453 | D:6      | Found a sacrificial altar of Ru.
  5525 | D:6      | Noticed Duvessa
  5545 | D:6      | Killed Duvessa
  5838 | D:4      | Got a crude dagger
  5839 | D:4      | Identified the +7 dagger of Freehold {pierce, rC- rN+ MP+9 Str+4} (You found it on level 4 of the Dungeon)
  5933 | D:6      | Killed brucemayne's ghost
  5933 | D:6      | Reached skill level 9 in Evocations
  6500 | D:7      | Reached skill level 5 in Invocations
  6607 | D:7      | Reached skill level 5 in Dodging
  7128 | D:7      | Found Ciw Feof's Distillery.
  7166 | D:7      | Found an opulent altar of Gozag.
  7166 | D:7      | Found Gozag's Platinum Reserve.
  7199 | D:7      | Reached **** piety under Qazlal
  7253 | D:7      | Found a glowing silver altar of Zin.
  7343 | D:8      | Found a burning altar of Makhleb.
  7393 | D:8      | Reached XP level 10. HP: 43/66 MP: 17/17
  7399 | D:8      | Reached skill level 10 in Evocations
  7453 | D:8      | Found a staircase to the Lair.
  7861 | Lair:1   | Entered Level 1 of the Lair of Beasts
  8055 | Lair:1   | Noticed a five-headed hydra
  8075 | Lair:1   | Mangled by a five-headed hydra

Vault maps used:
D:1:      dpeg_arrival_sounds_slurp, roderic_hopi_sauvastika
D:2:      okawaru_trees_1, ecumenical_altar_1, grunt_decor_cap,
          small_statue_intersection, minmay_misc_feat_tiny,
          uniq_crazy_yiuf_cottage
D:3:      lemuel_coloured_pillars_altar, lemuel_doored_altar, first_bread
D:4:      minmay_temple_entry_crystal_x
D:5:      minmay_overflow_temple_star_hex, kennysheep_doodads, uniq_pikel
D:6:      lemuel_crystal_altar, lemuel_round_altar, uniq_duvessa
D:7:      nicolae_gozag_zags_fifth_avenue, zin_scriptorium, serial_shops,
          nicolae_shop_statue_plus
D:8:      nicolae_overflow_crystal_walls, dpeg_oklobed_lair, grunt_pizzeria,
          minmay_misc_feat_more_columns, kennysheep_generic_room_7
Lair:1:   uniq_joseph

Action                   |  1- 3 |  4- 6 |  7- 9 | 10-12 || total
-------------------------+-------+-------+-------+-------++-------
Melee: Short sword       |    31 |       |       |       ||    31
       Quarterstaff      |     9 |    46 |       |       ||    55
       Dagger            |       |    76 |   274 |    43 ||   393
Evoke: Wand              |       |     9 |    20 |     7 ||    36
  Use: Potion            |     3 |     2 |     8 |       ||    13
       Scroll            |       |       |     8 |       ||     8
 Stab: Sleeping          |     1 |       |       |       ||     1
  Eat: Meat ration       |       |     1 |     2 |       ||     3
       Chunk             |       |       |     5 |       ||     5
       Pizza             |       |       |     1 |       ||     1
       Beef jerky        |       |       |     1 |       ||     1
